Map: [EWC] Site Delta

Players

Cure - Winner!

  • Race: Terran Terran
  • Spawn Location: 5:00

ByuN

  • Race: Terran Terran
  • Spawn Location: 11:00

Event: Esports World Cup 2024

VOD

Have the link to the VOD?

Description

Time

  • Played on: Aug. 17, 2024, 8:41 a.m.
  • Length: 15:58

All games in this series

Show
View Real Time Build Order
Export as new Build Order

Cure Terran - Winner!

Build Orders: Reaper Expand 

Get SALT Encoding   

  12  0:00  SCV  
  13  0:12  SCV  
  14  0:16  Supply Depot  
  14  0:24  SCV  
  15  0:38  SCV  
  15  0:39  Barracks  
  15  0:42  Refinery  
  16  0:50  SCV  
  17  1:02  SCV  
  18  1:14  SCV  
  19  1:26  Orbital Command  
  19  1:27  Reaper  
  20  1:37  Command Center  
  20  1:48  Supply Depot  
  20  1:52  SCV  
  21  1:59  Reaper  
  22  2:04  SCV  
  23  2:16  SCV  
  23  2:20  Factory  
  24  2:28  SCV  
  25  2:35  Command Center  
  25  2:38  Refinery, Barracks Reactor  
  25  2:40  SCV  
  26  2:49  Orbital Command  
  26  2:52  SCV  
  27  3:05  SCV  
  28  3:09  Starport  
  28  3:16  SCV  
  28  3:17  SCV  
  28  3:18  Hellion x2  
  34  3:22  Barracks Tech Lab  
  34  3:28  SCV  
  34  3:29  SCV  
  36  3:39  Hellion  
  36  3:40  SCV, Hellion  
  41  3:47  Orbital Command  
  41  3:49  SCV  
  41  3:51  Raven  
  41  3:52  SCV  
  45  3:57  Refinery  
  45  4:01  Hellion x2  
  45  4:02  SCV  
  50  4:04  SCV, Interference Matrix  
  51  4:10  Barracks Tech Lab, Supply Depot  
  51  4:14  SCV x2  
  51  4:16  SCV  
  52  4:26  Cyclone  
  52  4:27  Cyclone  
  52  4:28  SCV x2  
  52  4:29  SCV  
  59  4:38  Raven, Supply Depot  
  61  4:40  SCV  
  61  4:41  SCV x2  
  61  4:45  Marine  
  65  4:48  Supply Depot  
  65  4:52  SCV  
  65  4:53  SCV x2  
  65  4:57  Refinery  
  68  5:05  SCV x3  
  71  5:09  Barracks  
  71  5:10  Siege Tank, Barracks  
  71  5:12  Supply Depot  
  74  5:16  Raven  
  74  5:17  Marine x2  
  74  5:18  SCV x2  
  80  5:22  Orbital Command  
  80  5:26  Supply Depot  
  80  5:32  SCV x2  
  80  5:33  Engineering Bay  
  80  5:34  Marine x2, Engineering Bay  
  84  5:43  Siege Tank  
  84  5:44  SCV  
  84  5:45  SCV  
  84  5:46  Supply Depot  
  89  5:54  Barracks x2  
  87  6:11  Marine  
  87  6:12  Stimpack  
  87  6:13  Barracks Reactor  
  87  6:14  Barracks Reactor  
  87  6:16  SCV x2  
  88  6:29  Marine  
  88  6:30  Siege Tank, Viking x2  
  88  6:31  SCV  
  88  6:32  SCV  
  96  6:38  Terran Infantry Weapons Level 1, Terran Infantry Armor Level 1  
  96  6:44  SCV x2  
  96  6:47  Marine  
  96  6:52  Marine  
  96  6:53  Marine x3  
  96  6:54  Barracks Reactor x2  
  99  6:57  SCV x2  
  99  6:58  Supply Depot  
  99  7:00  Viking x2  
  105  7:05  Marine  
  104  7:10  Marine  
  104  7:14  Siege Tank, Marine x2  
  104  7:15  Marine  
  109  7:16  Supply Depot  
  109  7:17  Supply Depot  
  109  7:23  Marine  
  109  7:28  Marine  
  109  7:31  Viking x2  
  109  7:32  Marine x3  
  114  7:39  Marine x2  
  114  7:45  Marine x2  
  114  7:51  Marine x3  
  114  7:57  Combat Shield  
  117  8:01  Marine x2  
  119  8:07  Viking  
  119  8:10  Orbital Command  
  121  8:14  Marine x3  
  124  8:24  Medivac  
  125  8:39  Siege Tank, Marine x3, Medivac  
  133  8:52  Marine x2  
  133  8:53  Armory  
  133  9:05  Supply Depot  
  133  9:07  Supply Depot  
  133  9:18  Marine  
  133  9:19  Marine  
  133  9:20  Marine  
  133  9:21  Marine  
  133  9:22  Marine  
  133  9:26  Marine x4, Medivac  
  130  9:35  Marine  
  130  9:37  Marine  
  130  9:38  Marine  
  133  9:39  Marine  
  133  9:40  Marine  
  133  9:44  Marine x4  
  135  9:53  Marine  
  135  9:54  Marine, Medivac  
  135  9:55  Marine  
  135  9:56  Medivac  
  135  9:57  Marine  
  135  9:58  Marine  
  139  10:00  Orbital Command  
  139  10:02  Marine x4  
  143  10:07  Terran Infantry Armor Level 2, Terran Infantry Weapons Level 2  
  143  10:10  SCV x2  
  143  10:11  Marine  
  143  10:12  Marine  
  143  10:13  Marine  
  141  10:14  Marine  
  141  10:16  Marine  
  141  10:20  Marine  
  125  10:22  SCV x2  
  125  10:24  Siege Tank, Medivac  
  125  10:26  Marine  
  128  10:32  Medivac  
  128  10:33  Marine x2  
  128  10:34  SCV, Marine  
  135  10:35  SCV  
  135  10:38  Marine x2  
  135  10:41  Marine x2  
  139  10:44  Marine  
  140  10:52  Marine x2  
  140  10:53  Marine x2  
  144  10:58  Siege Tank  
  144  11:02  Supply Depot x2  
  147  11:11  Marine x4  
  147  11:16  Marine x4  
  126  11:20  Medivac x2  
  126  11:21  Marine  
  121  11:29  Marine x3  
  122  11:33  Marine  
  122  11:34  Marine x4  
  122  11:38  Marine  
  125  11:42  Command Center  
  125  11:45  SCV x3  
  125  11:47  Marine x3  
  128  11:51  Marine  
  128  11:52  Marine x4  
  132  11:55  Siege Tank  
  132  11:56  Marine  
  132  11:58  SCV  
  134  12:04  Marine x3  
  134  12:06  SCV  
  132  12:09  Marine  
  132  12:14  Marine x2  
  132  12:15  Marine  
  133  12:24  SCV x3  
  133  12:26  Terran Infantry Weapons Level 3  
  134  12:32  Terran Infantry Armor Level 3  
  134  12:34  Barracks Tech Lab  
  134  12:36  SCV x3  
  136  12:37  Missile Turret  
  136  12:48  Concussive Shells, Marauder x2  
  136  12:50  SCV x3  
  143  12:56  Marauder  
  145  12:59  Barracks  
  145  13:02  Barracks  
  145  13:08  Barracks  
  141  13:18  Medivac x2  
  143  13:22  Marauder  
  143  13:23  Marauder x2  
  144  13:27  Marine x4  
  144  13:32  SCV x2  
  144  13:33  SCV  
  151  13:44  Planetary Fortress, Marauder x3  
  157  13:48  Medivac x2  
  157  13:51  Marine x2  
  157  13:52  Marine x2  
  157  13:53  Barracks Tech Lab x2  
  157  13:55  Command Center  
  165  13:57  Barracks Reactor  
  163  14:05  Marauder  
  165  14:13  Marauder  
  165  14:14  Marauder x2  
  165  14:15  Marine x4  
  173  14:25  Medivac x2  
  177  14:39  Marauder  
  177  14:43  Supply Depot, Marauder  
  177  14:44  Supply Depot  
  179  14:48  Marauder x2  
  180  15:04  Medivac x2  
  180  15:05  Marine x4, Marauder x2  
  180  15:06  Marauder  
  178  15:15  Marauder x2  
  174  15:25  Orbital Command, Refinery x2  
  174  15:26  Marauder x2  
  174  15:27  Marauder  
  174  15:28  Marine x4, Missile Turret  
  164  15:36  Marauder  
  164  15:37  Marine x2  
Show
View Real Time Build Order
Export as new Build Order

ByuN Terran 

Build Orders: Cyclone Opening, Gas First Reaper Expand 

Get SALT Encoding   

  12  0:00  SCV  
  13  0:12  SCV  
  14  0:17  Supply Depot  
  14  0:24  SCV  
  14  0:27  Refinery  
  15  0:38  SCV  
  16  0:43  Barracks  
  16  0:50  SCV  
  17  1:03  SCV  
  18  1:15  SCV  
  19  1:30  Orbital Command, Reaper  
  20  1:45  Command Center  
  20  1:53  Factory  
  20  1:58  SCV  
  21  2:06  Supply Depot  
  21  2:07  Marine  
  22  2:10  SCV  
  22  2:14  Refinery  
  23  2:27  SCV, Marine  
  25  2:36  Hellion  
  27  2:38  Starport  
  27  2:40  SCV  
  28  2:45  Barracks Reactor  
  28  2:53  SCV  
  28  2:57  Cyclone  
  28  2:58  Orbital Command  
  32  3:05  SCV  
  32  3:14  Refinery  
  32  3:15  Medivac  
  32  3:17  SCV  
  35  3:21  Marine x2  
  35  3:23  SCV  
  38  3:29  SCV, Factory Tech Lab  
  38  3:33  Supply Depot  
  39  3:35  SCV  
  39  3:39  Marine x2  
  42  3:42  SCV  
  42  3:48  Siege Tank  
  46  3:54  Viking  
  49  3:57  Supply Depot  
  49  4:00  SCV x2  
  50  4:03  Marine x2  
  52  4:12  SCV x2  
  52  4:15  Supply Depot  
  54  4:22  Siege Tank  
  57  4:24  SCV x2  
  58  4:36  SCV x2  
  60  4:38  Medivac  
  60  4:39  Supply Depot, Marine, Medivac  
  64  4:48  SCV  
  64  4:49  Refinery  
  64  4:52  SCV  
  66  4:54  Siege Tank  
  66  4:57  Marine  
  70  5:00  SCV  
  70  5:01  Supply Depot  
  70  5:04  SCV  
  72  5:08  Liberator  
  72  5:12  Liberator  
  78  5:18  Supply Depot x2  
  78  5:23  SCV, Marine  
  78  5:26  Siege Tank  
  78  5:28  SCV  
  84  5:35  SCV  
  85  5:40  SCV  
  86  5:46  Barracks Tech Lab  
  86  5:47  SCV  
  87  5:58  SCV  
  83  6:04  Siege Tank  
  83  6:05  Marine, Viking x2  
  91  6:16  SCV x2  
  91  6:17  Command Center  
  91  6:18  Starport  
  93  6:23  Marine  
  85  6:35  Viking  
  85  6:36  Siege Tank  
  85  6:37  Viking  
  91  6:40  Marine  
  89  6:57  Liberator  
  92  7:02  SCV x2  
  94  7:08  Siege Tank  
  94  7:12  Marine  
  94  7:14  Viking x2  
  94  7:15  SCV x2  
  102  7:25  Supply Depot  
  102  7:27  Supply Depot  
  102  7:29  SCV x2  
  104  7:30  Marine  
  104  7:32  Refinery  
  103  7:40  Siege Tank, Viking  
  103  7:41  SCV x2  
  103  7:44  Viking  
  110  7:47  Viking  
  112  7:53  Orbital Command, SCV x2  
  112  7:56  Refinery  
  112  8:05  SCV x2  
  114  8:10  Factory  
  114  8:13  Siege Tank  
  114  8:17  SCV x2  
  119  8:23  Viking x2  
  119  8:24  Viking  
  119  8:26  SCV  
  120  8:29  SCV, Barracks Reactor  
  120  8:32  Factory  
  121  8:45  Siege Tank  
  121  8:53  Viking  
  121  8:58  Siege Tank  
  121  8:59  Viking x2  
  128  9:06  SCV x2  
  128  9:07  SCV  
  131  9:13  Supply Depot  
  131  9:14  Supply Depot  
  131  9:15  Supply Depot  
  131  9:16  Command Center  
  131  9:18  SCV  
  131  9:19  SCV  
  133  9:30  Viking  
  133  9:32  Viking  
  133  9:34  Siege Tank, Marine  
  119  9:38  Siege Tank  
  119  9:40  Viking  
  118  9:59  SCV x2  
  114  10:00  SCV, Viking  
  114  10:02  Liberator  
  119  10:07  Siege Tank  
  119  10:08  Hellion x2  
  119  10:09  Command Center  
  119  10:10  Siege Tank, Liberator  
  119  10:11  SCV  
  131  10:19  SCV x2  
  106  10:23  SCV  
  102  10:30  Liberator  
  102  10:31  SCV x2  
  107  10:35  SCV  
  107  10:38  Hellion x2  
  112  10:43  SCV x2, Engineering Bay  
  112  10:46  Armory  
  112  10:47  SCV  
  112  10:48  Armory  
  115  10:53  Siege Tank  
  115  10:55  Siege Tank  
  117  11:16  SCV x2  
  117  11:17  SCV  
  95  11:25  Siege Tank  
  96  11:28  SCV x2  
  96  11:29  Siege Tank, SCV  
  102  11:40  SCV x2, Terran Vehicle Weapons Level 1, Terran Vehicle And Ship Armor Level 1  
  102  11:41  SCV  
  102  11:43  Planetary Fortress  
  105  11:52  SCV x2  
  105  11:54  SCV  
  108  11:55  Liberator  
  108  11:57  Siege Tank  
  108  12:01  Hellion x2  
  118  12:02  Hellion  
  118  12:04  SCV x2  
  122  12:09  SCV  
  122  12:14  Viking x2  
  127  12:16  SCV x2  
  127  12:21  SCV  
  127  12:23  Siege Tank  
  127  12:28  SCV x2  
  132  12:30  Neosteel Armor  
  132  12:31  Sensor Tower  
  132  12:33  SCV  
  132  12:34  Barracks  
  130  12:37  Siege Tank  
  130  12:38  Infernal Pre-Igniter, Hellion x2  
  130  12:40  SCV  
  138  12:44  SCV  
  138  12:45  SCV  
  138  12:46  SCV  
  141  12:52  SCV  
  141  12:55  Cyclone  
  141  12:58  Viking  
  146  12:59  Cyclone  
  146  13:00  Liberator, Hellion  
  146  13:02  Viking  
  146  13:05  Refinery  
  147  13:25  Siege Tank, Barracks Reactor  
  144  13:27  SCV x3, Factory  
  144  13:29  Refinery  
  144  13:30  Refinery  
  147  13:35  SCV  
  147  13:39  SCV x2, Siege Tank  
  147  13:40  SCV, Hellion x2  
  158  13:47  SCV  
  159  13:51  Factory  
  159  13:53  SCV x2  
  159  13:54  SCV  
  162  13:57  Cyclone  
  162  14:01  Cyclone  
  160  14:10  Hellion  
  162  14:22  Siege Tank  
  165  14:25  Hellion x2  
  165  14:29  Siege Tank, Liberator  
  170  14:40  SCV x2  
  170  14:41  SCV  
  172  14:54  Supply Depot  
  172  14:55  Starport Reactor  
  172  14:56  Supply Depot  
  172  14:57  Supply Depot  
  172  14:58  Supply Depot, SCV  
  172  14:59  Hellion  
  172  15:00  Hellion  
  172  15:01  Hellion  
  171  15:08  Hellion x2  
  171  15:09  Siege Tank  
  138  15:20  Factory Tech Lab  
  122  15:21  Siege Tank  
  118  15:34  SCV x2  
  103  15:38  SCV  
Tags
 
Add a new tag
Caveats
  • Supply blocks, unpowered buildings, or Contaminate may cause inaccurate times.
  • Supply counts are checked every 10 seconds.